 Dungeon Crawl Stone Soup version 0.23-a0-650-ga4d50d4 (webtiles) character file.

78 dondy the Gusty (level 4, -7/24 HPs)
             Began as a Tengu Air Elementalist on Jan 6, 2019.
             Mangled by Grinder (8 damage)
             ... while paralysed by Grinder
             ... on level 3 of the Dungeon.
             The game lasted 00:09:06 (1878 turns).

dondy the Gusty (Tengu Air Elementalist)            Turns: 1878, Time: 00:09:06

Health: -7/24      AC:  2    Str:  9    XL:     4   Next: 36%
Magic:  0/9        EV:  2    Int: 16    God:
Gold:   128        SH:  0    Dex: 14    Spells: 4/8 levels left

rFire    . . .     SeeInvis .   (no weapon)
rCold    . . .     Gourm    .   (no shield)
rNeg     . . .     Faith    .   a - +0 robe
rPois    .         Spirit   .   (helmet restricted)
rElec    .         Reflect  .   (no cloak)
rCorr    .         Harm     .   (no gloves)
MR       .....                  (boots unavailable)
Stlth    ++........             (no amulet)
HPRegen  0.08/turn              (no ring)
MPRegen  0.11/turn              (no ring)

@: paralysed, very slightly contaminated
A: beak, talons 3
a: no special abilities


You were on level 3 of the Dungeon.
You were not hungry.

You visited 1 branch of the dungeon, and saw 3 of its levels.

You collected 128 gold pieces.

Inventory:

Armour
 a - a +0 robe (worn)
Jewellery
 g - an uncursed ring of ice
Wands
 h - a wand of acid (9)
 k - a wand of flame (10)
 m - a wand of iceblast (8)
Scrolls
 b - a scroll of amnesia {unknown}
 f - 3 scrolls of identify {unknown}
 i - 2 scrolls of enchant armour {unknown}
 l - 3 scrolls of teleportation {unknown}
 o - a scroll of magic mapping {unknown}
Potions
 d - a potion of heal wounds {unknown}
 e - a potion of agility {unknown}
 j - a potion of magic {unknown}
Comestibles
 c - 3 rations
 n - 4 chunks of flesh


   Skills:
 + Level 2.6 Dodging
 - Level 2.0 Stealth
 + Level 2.7 Spellcasting
 + Level 2.0 Conjurations
 + Level 5.5 Air Magic


You had 4 spell levels left.
You knew the following spells:

 Your Spells              Type           Power        Failure   Level  Hunger
a - Shock                 Conj/Air       ##..         4%          1    #......
b - Static Discharge      Conj/Air       ##......     12%         3    ###....

Your spell library contained the following spells:

 Spells                   Type           Power        Failure   Level  Hunger
 Swiftness                Chrm/Air       ##......     10%         2    ##.....
 Airstrike                Air            ###.......   21%         4    #####..
 Lightning Bolt           Conj/Air       ##........   75%         5    ######.


Dungeon Overview and Level Annotations

Branches:
Dungeon (3/15)

Altars:

Annotations:
D:3 Grinder


Innate Abilities, Weirdness & Mutations

You have a beak for a mouth.
You have claws for feet.


Message History

Grinder is almost dead.
The zap hits Grinder.
Grinder appears unharmed.
Grinder is almost dead.
Grinder hits you but does no damage.
You barely miss Grinder. You peck Grinder.
Grinder is almost dead.
Grinder misses you.
You completely miss Grinder. You peck Grinder, but do no damage.
Grinder is almost dead.
Grinder gestures at you.
You suddenly lose the ability to move!
Grinder hits you.
* * * LOW HITPOINT WARNING * * *
You writhe in agony.
* * * LOW HITPOINT WARNING * * *
Grinder gestures at you. Pain shoots through your body!
* * * LOW HITPOINT WARNING * * *
Grinder hits you!
You die...

#########
#>..5...g #.#
#5################
#@..............[.
#.################
#.# #.# #.# #.#
##### #.. ......
### ######


You could see Grinder.

Vanquished Creatures
  2 adders (D:2)
  2 oozes
  2 worms
  A dart slug (D:3)
  3 leopard geckos
  An orc (D:3)
  2 ball pythons (D:3)
  A giant cockroach (D:3)
  4 goblins
  3 hobgoblins
  8 kobolds
  6 bats
  4 frilled lizards
  3 rats
42 creatures vanquished.

Notes
Turn   | Place    | Note
-------+----------+-------------------------------------------
     0 | D:1      | dondy the Tengu Air Elementalist began the quest for the
                  | Orb.
     0 | D:1      | Reached XP level 1. HP: 10/10 MP: 4/4
    74 | D:1      | Reached XP level 2. HP: 13/15 MP: 0/6
   254 | D:1      | You fall through a shaft!
   526 | D:2      | Reached skill level 5 in Air Magic
   526 | D:2      | Reached XP level 3. HP: 14/19 MP: 3/7
  1398 | D:2      | Learned a level 3 spell: Static Discharge
  1438 | D:3      | Reached XP level 4. HP: 24/24 MP: 5/9
  1861 | D:3      | Noticed Grinder
  1875 | D:3      | Paralysed by Grinder for 5 turns
  1877 | D:3      | HP: 1/24 [Grinder/nerve-wracking pain (1)]
  1878 | D:3      | Mangled by Grinder

Vault maps used:
D:1:      dpeg_cavernosity
D:2:      first_ration
D:3:      uniq_grinder

Skill      XL: |  1  2  3  4 |
---------------+-------------+-----
Air Magic      | 5 |  5.5
Conjurations   | 2 |  2.0
Dodging        | |  2.6
Stealth        | |  2.0
Spellcasting   | |  2.7

Action                   |  1- 3 |  4- 6 || total
-------------------------+-------+-------++-------
Melee: Unarmed           |       |     2 ||     2
       Peck              |       |     2 ||     2
 Cast: Shock             |    45 |    32 ||    77
  Eat: Chunk             |     1 |     3 ||     4
Armor: Robe              |     3 |     4 ||     7
Dodge: Dodged            |    10 |     9 ||    19

Table legend:
 A = Non-vault XP
 B = Vault XP
 C = Vault XP percentage of total XP
 D = Non-vault monster count
 E = Vault monster count
 F = Vault count percentage of total count
                 A         B        C        D         E       F
            +---------+---------+-------+---------+---------+-------
      Total |     112 |       0 |   0.0 |      42 |       0 |   0.0
            +---------+---------+-------+---------+---------+-------
        D:1 |      21 |       0 |   0.0 |      10 |       0 |   0.0
        D:2 |      56 |       0 |   0.0 |      18 |       0 |   0.0
        D:3 |      35 |       0 |   0.0 |      14 |       0 |   0.0
            +---------+---------+-------+---------+---------+-------
